[Event "53rd Mar Del Plata Open 2024"]
[Site "Mar Del Plata"]
[Date "2024.03.30"]
[Round "8.9"]
[White "Espinoza Palomino, Willyam"]
[Black "Ocampos, Ian"]
[Result "1-0"]
[ECO "B32"]
[WhiteElo "2400"]
[BlackElo "2208"]
[Annotator "TA"]
[PlyCount "71"]
[EventDate "2024.03.23"]
[EventType "swiss"]
[EventCountry "ARG"]
[SourceTitle "playchess.com"]
[Source "ChessBase"]
[SourceQuality "1"]
[TimeControl "5400+30"]

1. e4 c5 2. Nf3 Nc6 3. d4 cxd4 4. Nxd4 e5 5. Nb5 d6 6. N1c3 a6 7. Na3 Be7 8. Nc4 b5 9. Ne3 Nf6 10. Bd3 O-O 11. O-O Be6 12. a4 ({Better is} 12. Re1 $14) 12... b4 (12... Nb4 $11) 13. Ncd5 $14 Bxd5 (13... a5 $14) 14. exd5 $16 {[%emt 0:05:54] White is better.} ({Don't do} 14. Nxd5 a5) 14... Nb8 {[%emt 0:00:53][%cal Bc6b8,Bb8d7,Bd7c5][%mdl 32] [#]} 15. a5 $1 Nbd7 16. Bd2 b3 17. cxb3 Ne8 18. Qe2 {[%emt 0:07:08] Black is weak on the light squares} Nc7 19. Rac1 {[%emt 0:04:40] White is much more active.} Nc5 20. Bc4 {[%emt 0:01:56] A strong pair of Bishops.} (20. Bc2 $18) 20... f5 (20... Bg5 $16 21. Bb4 g6) 21. f3 Qb8 (21... Nd7 $16 22. b4 Bg5) 22. b4 $18 Nd7 23. Rc2 Qb7 24. Qd3 (24. Bd3 $18 e4 25. fxe4 fxe4 26. Bxe4) 24... e4 $2 25. fxe4 Ne5 26. Qd4 fxe4 27. Nf5 (27. Qb6 $18 Qa7 28. Rxf8+ Bxf8 29. Be2) 27... Rf7 {[%emt 0:12:16][%mdl 8192] Loses the game.} (27... Bf6 $16 28. Qxe4 (28. Nxd6 Nf3+ 29. Kh1 Nxd4 $16) 28... Nxc4) 28. Qb6 Rb8 29. Nxe7+ Rxe7 30. Qxd6 Qa7+ $2 (30... Ree8 31. Re1 Nxc4 32. Rxc4 Nxd5 33. Rcxe4 Rf8) 31. Kh1 {[%emt 0:00:15] White is clearly winning.} Rbe8 32. Ba2 (32. Qxe7 $142 Rxe7 33. d6+ Nxc4 34. dxe7) 32... Nb5 {[%emt 0:05:35] [#]} 33. Qxe7 $3 Qxe7 34. d6+ Qf7 35. Bxf7+ Nxf7 36. d7 {[%emt 0:00:03] Weighted Error Value: White=0.48/Black=0.62.  Loses game:     	---       	Black=2      Mistake:       	White=3     	Black=5      Inaccurate:     	White=1     	Black=2      OK:         	White=6     	Black=6      Best:        	White=3     	---        Strong:       	White=1     	---} 1-0

[Event "53rd Mar Del Plata Open 2024"]
[Site "Mar Del Plata"]
[Date "2024.03.29"]
[Round "8.10"]
[White "Flores, Diego"]
[Black "Spata, German"]
[Result "1/2-1/2"]
[ECO "D45"]
[WhiteElo "2530"]
[BlackElo "2421"]
[Annotator "TA"]
[PlyCount "51"]
[EventDate "2024.03.23"]
[EventType "swiss"]
[EventCountry "ARG"]
[SourceTitle "playchess.com"]
[Source "ChessBase"]
[SourceQuality "1"]
[TimeControl "5400+30"]

1. c4 c6 2. Nf3 d5 3. e3 Nf6 4. Nc3 e6 5. b3 Bd6 6. Bb2 O-O 7. d4 Nbd7 8. Bd3 b6 9. O-O Bb7 10. Qc2 Rc8 11. Rfd1 Qe7 12. Rac1 Rfd8 {[%emt 0:02:34] The position is equal.} 13. e4 {[%emt 0:03:44] [#] And now e5 would win.} e5 14. Re1 dxc4 15. Bxc4 b5 16. Bf1 a6 17. g3 Re8 18. a4 exd4 19. Nxd4 g6 {[%emt 0:00:39] Prevents Nf5.} 20. Nf3 Ne5 21. Nxe5 Bxe5 22. Bg2 Rcd8 23. axb5 cxb5 {[%emt 0:01:28] [#]} 24. Nd5 $1 Nxd5 (24... Qd6 25. Bxe5) 25. exd5 Qd6 26. Bxe5 {[%emt 0:04:30] Weighted Error Value: White=0.07 (flawless) /Black=0.10 (very precise) .  Inaccurate:     	White=1     	Black=4      OK:         	White=6     	Black=8} 1/2-1/2

[Event "53rd Mar Del Plata Open 2024"]
[Site "Mar Del Plata"]
[Date "2024.03.30"]
[Round "9.1"]
[White "Spata, German"]
[Black "Christiansen, Johan-Sebastian"]
[Result "1/2-1/2"]
[ECO "E61"]
[WhiteElo "2421"]
[BlackElo "2633"]
[Annotator "TA"]
[PlyCount "23"]
[EventDate "2024.03.23"]
[EventType "swiss"]
[EventCountry "ARG"]
[SourceTitle "playchess.com"]
[Source "ChessBase"]
[SourceQuality "1"]
[TimeControl "5400+30"]

1. d4 Nf6 2. c4 g6 3. Nc3 Bg7 4. Nf3 O-O 5. Bg5 h6 6. Bh4 d6 7. e3 Nbd7 8. Be2 c6 9. Qc2 e5 10. Rd1 Qe7 11. O-O Re8 12. a3 {[%emt 0:02:57] Weighted Error Value: White=0.09 (flawless) /Black=0.14 (very precise) .  Inaccurate:     	---       	Black=1} 1/2-1/2

[Event "53rd Mar Del Plata Open 2024"]
[Site "Mar Del Plata"]
[Date "2024.03.30"]
[Round "9.2"]
[White "Tristan, Leonardo"]
[Black "Acosta, Pablo Ismael"]
[Result "1-0"]
[ECO "D32"]
[WhiteElo "2521"]
[BlackElo "2463"]
[Annotator "TA"]
[PlyCount "55"]
[EventDate "2024.03.23"]
[EventType "swiss"]
[EventCountry "ARG"]
[SourceTitle "playchess.com"]
[Source "ChessBase"]
[SourceQuality "1"]
[TimeControl "5400+30"]

1. d4 d5 2. Nf3 c5 3. c4 e6 4. cxd5 exd5 5. Nc3 Nf6 6. Bg5 Be6 7. Bxf6 Qxf6 8. e4 cxd4 ({Black should try} 8... dxe4 $14 9. Nxe4 Qf4 10. Bb5+ Nc6) 9. Qxd4 (9. Nxd5 $2 {loses.} Bxd5 10. exd5 Bb4+ 11. Ke2 O-O $17) (9. Bb5+ $1 $16 Nd7 10. Bxd7+ (10. Nxd5 Bxd5 11. exd5 O-O-O $14) (10. Nxd4 Bc5 $11) (10. Qxd4 dxe4 11. Qxe4 O-O-O $11) 10... Kxd7 11. Qb3 (11. Nxd5 Bxd5 12. exd5 Re8+ 13. Kf1 Bc5 $11) (11. Nxd4 Bc5 $16)) 9... Qxd4 10. Nxd4 {[%emt 0:00:06] Threatens to win with Bb5+. A dynamic duo of knights. White is slightly better.} Bb4 ({Better is} 10... dxe4 $14 11. O-O-O Bd7) 11. Nxe6 $16 fxe6 12. exd5 Ke7 13. O-O-O Rc8 14. Bd3 Bxc3 15. bxc3 exd5 16. Bxh7 Rxc3+ {[%emt 0:07:36] [#]} 17. Kb2 $1 Rc5 18. Rhe1+ Kf7 19. Bf5 Rb5+ 20. Ka1 {[%emt 0:00:30] White is much more active. The black rooks are passive.} Nc6 21. Be6+ Kf6 (21... Kf8 $16) 22. Bxd5 $18 Nb4 {[%emt 0:01:30] [#]} 23. Bb3 {[%emt 0:01:19] Against Nc2+. a3 would now be deadly.} a5 $2 (23... Rb6 {was worth a try.} 24. Rd7 Rh8) 24. Rd6+ Kg5 25. a3 Nc6 {[%emt 0:03:10] [#]} (25... Ra6 $142) 26. h4+ $1 Kf4 27. Bd5 Ne5 28. g3+ {[%emt 0:01:37] Weighted Error Value: White=0.14 (very precise) /Black=0.66.  Mistake:       	White=1     	Black=5      OK:         	White=6     	Black=6      Best:        	White=3     	---        Strong:       	White=1     	---} (28. Be6 $142 Nc6 29. Rd3 (29. Re3 Rf5 $18) 29... Rf5 30. Rf3+ Kg4 31. Rxf5 (31. Bxf5+ Kh5 32. Rg3 Rf8 33. Rg5+ Kh6 34. Re6+ Rf6 35. g4 g6 36. Rxf6 Ne7) 31... g5 32. Rxg5+ Kxh4 33. Rg4+ Kh5 34. Rh1#) 1-0

[Event "53rd Mar Del Plata Open 2024"]
[Site "Mar Del Plata"]
[Date "2024.03.30"]
[Round "9.3"]
[White "Kiselev, Vitalii"]
[Black "Jaque Gutierrez, Matias"]
[Result "0-1"]
[ECO "C77"]
[WhiteElo "2519"]
[BlackElo "2173"]
[Annotator "TA"]
[PlyCount "74"]
[EventDate "2024.03.23"]
[EventType "swiss"]
[EventCountry "ARG"]
[SourceTitle "playchess.com"]
[Source "ChessBase"]
[SourceQuality "1"]
[TimeControl "5400+30"]

1. e4 e5 2. Nf3 Nc6 3. Bb5 a6 4. Ba4 Nf6 5. Qe2 b5 6. Bb3 Bc5 7. a4 Rb8 8. axb5 axb5 9. Nc3 O-O 10. d3 h6 11. Be3 (11. Nd5 $11) 11... Nd4 $15 12. Bxd4 exd4 {[%emt 0:00:15] Black is slightly better.} 13. Nd5 Nxd5 14. Bxd5 c6 15. Bb3 d5 16. O-O Re8 17. Qd2 dxe4 18. dxe4 Qf6 19. Qd3 Bg4 20. Nd2 Ra8 21. f3 {[%emt 0:04:28] [#]} (21. h3 $11 Rxa1 22. Rxa1) 21... Bd7 ({Black should try} 21... Rxa1 $1 $17 22. Rxa1 Bd7) 22. Rxa8 $11 Rxa8 23. f4 Bb6 {[%emt 0:04:54] ...c5 is the strong threat.} 24. e5 Qf5 25. Ne4 Be6 26. h3 {[%emt 0:05:45] Strongly threatening g4.} (26. Bxe6 {simplifies} Qxe6 27. h3 Ra2 28. Rb1) 26... Bc4 $1 ({But not} 26... Bxb3 $2 27. Nf6+ $18) 27. Qf3 {[%emt 0:09:33][%mdl 8192] Loses the game.} Bxf1 28. Kxf1 Ra1+ 29. Ke2 {[%emt 0:00:02] [#]} d3+ $1 30. cxd3 (30. Qxd3 Qxf4) 30... Rb1 31. Nd6 Rxb2+ 32. Kd1 Qd7 ({Not} 32... Rb1+ $2 33. Kc2 Qd7 34. Kxb1 $18) 33. Bxf7+ {[%emt 0:05:23] [#]} Kf8 $1 {[%emt 0:01:15] ( -> ...Qa7)} 34. Kc1 Rf2 35. Qe4 (35. Qg4 $19 Be3+ 36. Kd1 Qxg4+ 37. hxg4 Bxf4 38. Bg6) 35... Qa7 {[%emt 0:01:02][%cal Ra7a1] Black mates.} 36. Ba2 Rf1+ 37. Kb2 Bd4+ {[%emt 0:01:24] Weighted Error Value: White=0.62/Black=0.15 (very precise) .  Loses game:     	White=1     	---        Mistake:       	White=3     	Black=1      Inaccurate:     	White=3     	Black=3      OK:         	White=7     	Black=7      Best:        	White=4     	Black=5      Strong:       	---       	Black=2      Brilliant:      	---       	Black=1} 0-1

[Event "53rd Mar Del Plata Open 2024"]
[Site "Mar Del Plata"]
[Date "2024.03.30"]
[Round "9.4"]
[White "Marrujo Pardo, Mauricio Emmanuel"]
[Black "Leskovar, Mario"]
[Result "1/2-1/2"]
[ECO "B15"]
[WhiteElo "2337"]
[BlackElo "2164"]
[Annotator "RC"]
[PlyCount "151"]
[EventDate "2024.03.23"]
[EventType "swiss"]
[EventCountry "ARG"]
[SourceTitle "playchess.com"]
[Source "ChessBase"]
[SourceQuality "1"]
[TimeControl "5400+30"]

1. e4 g6 2. d4 c6 3. Nc3 d5 4. e5 f6 5. Bf4 Bg7 6. Nf3 Bg4 7. h3 Bxf3 8. Qxf3 fxe5 9. Bxe5 Nf6 10. Qe3 O-O 11. O-O-O Nbd7 12. Bd3 Nxe5 13. dxe5 Nd7 14. f4 Qb6 15. Qxb6 axb6 16. g3 b5 17. Kb1 e6 18. h4 b4 19. Ne2 Nc5 20. h5 Nxd3 21. cxd3 Rf7 22. Nd4 Re8 23. hxg6 hxg6 24. Nf3 b6 25. Rh4 Ra7 26. b3 c5 27. Rg4 Kf7 28. Ng5+ Kg8 29. Rc1 Bh6 30. Nf3 Kf7 31. Rh1 Bg7 32. Ng5+ Kg8 33. Nf3 Kf7 34. Rh7 Rea8 35. Ng5+ Kg8 36. Rh2 Re8 37. Nf3 Kf7 38. Nh4 Rh8 39. Rxg6 b5 40. Rg4 c4 41. dxc4 bxc4 42. bxc4 dxc4 43. f5 exf5 44. Rxc4 Bxe5 45. Rf2 Bxg3 46. Rxf5+ Ke6 47. Re4+ Kd6 48. Rd4+ Ke6 49. Re4+ Kd6 50. Nf3 Re7 51. Rf6+ Kd7 52. Rxb4 Rh1+ 53. Kc2 Re2+ 54. Kd3 Rxa2 55. Rb7+ Kc8 56. Rg7 Rd1+ 57. Ke3 Bc7 58. Rf8+ Rd8 59. Rxd8+ Kxd8 60. Ng5 Bb6+ 61. Ke4 Re2+ 62. Kd5 Ba5 63. Ne4 Re1 64. Nc5 Ke8 65. Nb7 Bb4 66. Rg4 Rb1 67. Kc6 Ke7 68. Re4+ Kf6 69. Rc4 Be7 70. Na5 Bd8 71. Nb7 Rb6+ 72. Kd7 Rxb7+ 73. Kxd8 Ra7 74. Rc6+ Kf7 75. Rc7+ Rxc7 76. Kxc7 1/2-1/2

[Event "53rd Mar Del Plata Open 2024"]
[Site "Mar Del Plata"]
[Date "2024.03.30"]
[Round "9.5"]
[White "Tobares, Leandro"]
[Black "Villegas, Franco"]
[Result "0-1"]
[ECO "E05"]
[WhiteElo "2174"]
[BlackElo "2328"]
[Annotator "RC"]
[PlyCount "77"]
[EventDate "2024.03.23"]
[EventType "swiss"]
[EventCountry "ARG"]
[SourceTitle "playchess.com"]
[Source "ChessBase"]
[SourceQuality "1"]
[TimeControl "5400+30"]

1. Nf3 Nf6 2. c4 e6 3. g3 d5 4. d4 Be7 5. Bg2 O-O 6. O-O dxc4 7. Qc2 b5 8. a4 b4 9. Qxc4 Bb7 10. Bg5 Nbd7 11. a5 Rc8 12. Nbd2 c5 13. Qd3 cxd4 14. Qxd4 Bc5 15. Bxf6 Nxf6 16. Qxd8 Rfxd8 17. Nb3 Ne4 18. Ng5 Bd5 19. Nxc5 Nxc5 20. Rad1 Bxg2 21. Kxg2 f6 22. Nh3 Nb3 23. Nf4 Kf7 24. Nd3 Rd4 25. e3 Rdc4 26. Nf4 Ke7 27. Rd3 Nc1 28. Rdd1 g5 29. Nd3 Nb3 30. h4 gxh4 31. Nf4 e5 32. Nd5+ Ke6 33. f4 Rg8 34. fxe5 Rc2+ 35. Kh1 hxg3 36. Rxf6+ Kxe5 37. Rh6 g2+ 38. Kg1 Rd2 39. Rh5+ 0-1

[Event "53rd Mar Del Plata Open 2024"]
[Site "Mar Del Plata"]
[Date "2024.03.30"]
[Round "9.6"]
[White "Menna Barreto, Felipe Kubiaki"]
[Black "Castro Salgado, Pablo"]
[Result "1/2-1/2"]
[ECO "C28"]
[WhiteElo "2273"]
[BlackElo "2164"]
[Annotator "RC"]
[PlyCount "126"]
[EventDate "2024.03.23"]
[EventType "swiss"]
[EventCountry "ARG"]
[SourceTitle "playchess.com"]
[Source "ChessBase"]
[SourceQuality "1"]
[TimeControl "5400+30"]

1. e4 e5 2. Bc4 Nf6 3. d3 Nc6 4. Nc3 Bb4 5. Nge2 O-O 6. O-O a6 7. a3 Bc5 8. Bg5 h6 9. Be3 Bxe3 10. fxe3 d6 11. Ng3 g6 12. Qd2 Kg7 13. Rf3 Bg4 14. Rf2 Be6 15. Raf1 Nh7 16. Nd5 Nb8 17. Qa5 b6 18. Qc3 Ra7 19. Nb4 Qg5 20. Rf3 h5 21. Nh1 Qd8 22. Bxe6 fxe6 23. Rxf8 Nxf8 24. d4 c5 25. Nd3 cxd4 26. exd4 Rc7 27. Qd2 exd4 28. e5 Nc6 29. exd6 Qxd6 30. Ng3 Nh7 31. Ne4 Qd5 32. Nf4 Qd7 33. Qd3 e5 34. Nf6 Nxf6 35. Qxg6+ Kh8 36. Qxf6+ Qg7 37. Ng6+ Kh7 38. Nf8+ Kg8 39. Qe6+ Kh8 40. Qf5 Nd8 41. Ng6+ Kg8 42. Nxe5 Rc5 43. Re1 Nf7 44. Qxf7+ Qxf7 45. Nxf7 Kxf7 46. Re2 a5 47. a4 b5 48. axb5 Rxb5 49. b3 d3 50. cxd3 Rxb3 51. Re5 Kg6 52. Rxa5 Rxd3 53. Kf2 Rb3 54. Re5 Ra3 55. Re3 Ra4 56. Kf3 Kf5 57. Rb3 Ra5 58. Kg3 Kg5 59. Kh3 h4 60. Rb4 Ra3+ 61. g3 hxg3 62. Rb5+ Kf4 63. Rb4+ Kg5 1/2-1/2

[Event "53rd Mar Del Plata Open 2024"]
[Site "Mar Del Plata"]
[Date "2024.03.30"]
[Round "9.7"]
[White "Carrizo, Luciano Ariel"]
[Black "Schnaider, Ilan"]
[Result "0-1"]
[ECO "C79"]
[WhiteElo "2176"]
[BlackElo "2314"]
[Annotator "RC"]
[PlyCount "66"]
[EventDate "2024.03.23"]
[EventType "swiss"]
[EventCountry "ARG"]
[SourceTitle "playchess.com"]
[Source "ChessBase"]
[SourceQuality "1"]
[TimeControl "5400+30"]

1. e4 e5 2. Nf3 Nc6 3. Bb5 a6 4. Ba4 Nf6 5. O-O d6 6. Re1 Bd7 7. c4 Bg4 8. Nc3 Nd7 9. Bxc6 bxc6 10. d3 Be7 11. Be3 O-O 12. h3 Be6 13. Qa4 c5 14. Nd5 Nb6 15. Qa5 f5 16. b4 fxe4 17. bxc5 Nxd5 18. cxd5 exf3 19. dxe6 fxg2 20. cxd6 Qxd6 21. Rac1 Qxe6 22. Bd4 c5 23. Re3 cxd4 24. Rxe5 Qxh3 25. Qd5+ Kh8 26. Rh5 Qf3 27. Qxf3 Rxf3 28. Re5 Rff8 29. Rh5 Rf3 30. Re5 Bh4 31. Kxg2 Rxf2+ 32. Kh3 Bf6 33. Ra5 h6 0-1

[Event "53rd Mar Del Plata Open 2024"]
[Site "Mar Del Plata"]
[Date "2024.03.30"]
[Round "9.8"]
[White "Felgaer, Ruben"]
[Black "Needleman, Alejandro"]
[Result "1-0"]
[ECO "B47"]
[WhiteElo "2565"]
[BlackElo "2215"]
[Annotator "TA"]
[PlyCount "51"]
[EventDate "2024.03.23"]
[EventType "swiss"]
[EventCountry "ARG"]
[SourceTitle "playchess.com"]
[Source "ChessBase"]
[SourceQuality "1"]
[TimeControl "5400+30"]

1. e4 c5 2. Nf3 e6 3. d4 cxd4 4. Nxd4 Nc6 5. Nc3 Qc7 6. Be2 a6 7. O-O b5 8. Nxc6 dxc6 9. f4 Nf6 10. e5 Nd5 11. Ne4 c5 (11... Bb7 $11 {keeps the balance.}) 12. Bf3 {[%emt 0:04:06] White is more active.} (12. a4 $16 b4 13. c4 bxc3 14. bxc3) 12... Bb7 $14 13. Qe1 c4 14. Bd2 Be7 15. Kh1 (15. Ba5 $14 Qb8 16. Kh1) 15... O-O $11 16. Ba5 Qb8 17. Rd1 Bc6 {[%emt 0:06:23][%cal Ob5b4] [#]} (17... Nxf4 $2 18. Rd7 Nd5 19. Nf6+ gxf6 20. exf6 $18 (20. Bxd5 Bxd5 21. Bc7 Qb7 $11)) 18. Nd6 $1 Bxd6 19. exd6 Qxd6 {[%emt 0:00:13] [#]} 20. f5 $1 Rfe8 {[%emt 0:23:34] [#]} (20... exf5 $2 {too greedy.} 21. Rxd5 Bxd5 22. Qd2 $18 (22. Qd1 $2 Rfd8 $19)) (20... Kh8 21. Bc3) 21. f6 $1 gxf6 {[%emt 0:02:47] A mistake that costs the game.} (21... Qc5 $14) (21... b4 22. fxg7) 22. Qh4 Qe5 ({But not} 22... f5 23. Bc3 Kf8 24. a3 $18 (24. Qxh7 Ke7 $18)) (22... Qf8) 23. Bxd5 $18 {[%emt 0:08:52] White is clearly winning.} Bxd5 24. Rxf6 {[%emt 0:01:53] Hoping for Bc3.} Qe4 {[%emt 0:18:55][%csl Gd5][%cal Re4g2] Black is weak on the dark squares} 25. Qg5+ Kh8 {[%emt 0:03:27] ...Rg8 would now be deadly.} 26. Rxf7 {[%emt 0:01:29] Weighted Error Value: White=0.10 (very precise) /Black=0.65.  Mistake:       	White=2     	Black=3      Inaccurate:     	White=1     	Black=5      OK:         	White=5     	Black=2      Best:        	White=1     	Black=1      Brilliant:      	White=1     	---} 1-0

[Event "53rd Mar Del Plata Open 2024"]
[Site "Mar Del Plata"]
[Date "2024.03.30"]
[Round "9.9"]
[White "Unhold, Valentin"]
[Black "Espinoza Palomino, Willyam"]
[Result "0-1"]
[ECO "D45"]
[WhiteElo "2146"]
[BlackElo "2400"]
[Annotator "TA"]
[PlyCount "104"]
[EventDate "2024.03.23"]
[EventType "swiss"]
[EventCountry "ARG"]
[SourceTitle "playchess.com"]
[Source "ChessBase"]
[SourceQuality "1"]
[TimeControl "5400+30"]

1. d4 d5 2. c4 c6 3. Nc3 Nf6 4. e3 e6 5. Nf3 Nbd7 6. Be2 dxc4 7. a4 Bb4 8. Bxc4 O-O 9. O-O Qe7 10. Qc2 {[%emt 0:10:18] White has an edge.} e5 11. Rd1 (11. a5 $1 $16) 11... e4 $11 (11... exd4 {looks sharper.} 12. Rxd4 Ne5 13. Nxe5 Qxe5 14. Bxf7+ Rxf7 15. Rxb4 Ng4) 12. Nd2 Re8 13. Be2 Nb6 14. f3 (14. a5 $11 Nbd5 15. Nc4) 14... exf3 $15 15. Nxf3 Bg4 16. Rf1 (16. Bd3 $11) 16... Bh5 (16... Nbd5 $17 17. Nxd5 cxd5 (17... Nxd5 18. e4 $11)) 17. Bd3 Bg6 {[%emt 0:06:24] Prevents e4} 18. Bxg6 hxg6 (18... fxg6 $6 19. Re1 $11) 19. Bd2 Bxc3 20. bxc3 Nc4 21. Rae1 Ne4 {[%emt 0:00:44] Excellent horsemanship.} 22. Bc1 Qe6 {[%emt 0:02:50] Black has more active pieces.} 23. Ne5 Nxe5 (23... f5 $142 24. Nd3 a5) 24. Qxe4 $17 Nc4 25. Qxe6 Rxe6 26. e4 Rae8 27. e5 f6 28. exf6 gxf6 (28... Rxe1 $2 {too greedy.} 29. f7+ Kh7 30. Rxe1 Rxe1+ 31. Kf2 Rxc1 32. f8=Q $18 (32. f8=R $2 Rxc3 33. Rf3 Rxf3+ 34. Kxf3 a5 $19)) 29. Rxe6 Rxe6 $15 {[%emt 0:00:01][%mdl 4096] Endgame. KRB-KRN} 30. Kf2 Kf7 31. h4 f5 32. Bf4 b5 33. d5 cxd5 34. axb5 {[%emt 0:00:06] aiming for Ra1.} Na3 35. Rd1 Nxb5 36. Rxd5 Nxc3 37. Ra5 a6 38. h5 Nb5 39. hxg6+ Kxg6 40. g3 Rc6 41. Kf3 Rc3+ 42. Kf2 Rc6 43. Kf3 Kf7 44. Be3 Ke6 45. g4 fxg4+ 46. Kxg4 Kd5 47. Kf3 Kc4 48. Ke2 Rd6 49. Bd2 Kb3 50. Kd1 $2 {[%emt 0:02:27][%mdl 8192] [#]} (50. Bf4 $11) 50... Na3 $1 51. Kc1 {[%emt 0:02:37] [#]} Nc4 $1 ({Inferior is} 51... Rxd2 52. Rxa6 Nc4 53. Rf6 $11 (53. Rb6+ Kc3 $15)) 52. Bf4 Rf6 {[%emt 0:00:15] Weighted Error Value: White=0.28 (precise) /Black=0.09 (flawless) .  Loses game:     	White=1     	---        Mistake:       	White=3     	Black=2      Inaccurate:     	White=2     	Black=4      OK:         	White=15    	Black=16     Best:        	White=3     	Black=4      Strong:       	---       	Black=1} 0-1

[Event "53rd Mar Del Plata Open 2024"]
[Site "Mar Del Plata"]
[Date "2024.03.30"]
[Round "9.10"]
[White "Moreno Perez, Tobias Sebastian"]
[Black "Flores, Diego"]
[Result "0-1"]
[ECO "A26"]
[WhiteElo "2246"]
[BlackElo "2530"]
[Annotator "TA"]
[PlyCount "78"]
[EventDate "2024.03.23"]
[EventType "swiss"]
[EventCountry "ARG"]
[SourceTitle "playchess.com"]
[Source "ChessBase"]
[SourceQuality "1"]
[TimeControl "5400+30"]

1. Nf3 g6 2. c4 Bg7 3. Nc3 d6 4. g3 e5 5. Bg2 Nc6 6. d3 f5 7. O-O Nf6 8. Rb1 O-O 9. b4 h6 10. b5 Ne7 11. Ba3 Be6 12. Nd2 Rb8 13. e3 Qd7 {[%emt 0:05:18] The position is equal.} 14. c5 b6 15. cxd6 cxd6 16. Nc4 Ne8 17. Qa4 Rc8 $1 {[%emt 0:08:35] Prevents Bc6.} 18. Ne2 Rf7 19. Rbc1 Kh7 20. Nd2 d5 ({Better is} 20... g5 $11) 21. Nf3 Rxc1 22. Rxc1 (22. Nxc1 g5 $15) 22... g5 23. Bb2 (23. Bxe7 $1 $14 Rxe7 24. d4) 23... Ng6 $11 24. d4 e4 25. Ne5 Bxe5 26. dxe5 f4 27. Nd4 (27. exf4 $11 {remains equal.} gxf4 28. Rc6) 27... Bh3 $17 ({Weaker is} 27... Nxe5 28. Nxe6 Qxe6 29. Bxe4+ dxe4 30. Qxe4+ Qf5 (30... Rf5 $2 31. g4 $18) 31. Qxe5 Qxe5 32. Bxe5 fxe3 33. fxe3 $16) 28. e6 Bxe6 29. Nxe6 Qxe6 30. Qd4 Nc7 31. a4 Qf5 32. h3 (32. Rd1 $17) 32... Ne6 $19 33. Qd2 {[%emt 0:00:26] [#] g4 would now be deadly.} Nc5 $1 34. Rd1 Nd3 {[%emt 0:00:14] A dynamic duo of knights.} ({Less strong is} 34... Nxa4 35. Bd4 $17) 35. Bd4 h5 {[%emt 0:01:12] Strongly threatening ...Nge5.} 36. Qc3 $2 (36. exf4 gxf4 37. Qc2) 36... fxg3 37. fxg3 Qf2+ {[%emt 0:00:01] Black mates.} 38. Kh2 h4 39. Rf1 Qxg3+ {[%emt 0:00:07] Weighted Error Value: White=0.56/Black=0.12 (very precise) .  Mistake:       	White=4     	Black=1      Inaccurate:     	White=3     	Black=1      OK:         	White=8     	Black=11     Best:        	White=1     	Black=2      Strong:       	---       	Black=1} 0-1